[Event "EYCC Girls-U12 2019"]
[Site "Bratislava"]
[Date "2019.08.07"]
[Round "6.9"]
[White "Denic, Hana"]
[Black "Buyuk, Ecrin Efsa"]
[Result "1/2-1/2"]
[ECO "B19"]
[WhiteElo "1821"]
[BlackElo "1592"]
[Annotator "NA"]
[PlyCount "66"]
[EventDate "2019.08.02"]
[EventType "swiss"]
[EventCountry "SVK"]
[SourceTitle "playchess.com"]
[Source "ChessBase"]
[SourceQuality "1"]
[TimeControl "40/5400+30:1800+30"]

1. e4 c6 2. d4 d5 3. Nc3 dxe4 4. Nxe4 Bf5 5. Ng3 Bg6 6. h4 h6 7. Nf3 Nd7 8. h5 Bh7 9. Bd3 Bxd3 10. Qxd3 e6 11. Bd2 Ngf6 12. O-O-O Be7 13. Kb1 O-O 14. Ne4 Nxe4 15. Qxe4 Nf6 16. Qe2 Qd5 17. Ne5 Qe4 18. Qxe4 Nxe4 19. Be1 Rad8 20. f3 Nf6 21. Bf2 Nd7 22. Nc4 Nb6 23. Nxb6 axb6 24. Rd3 Rd7 25. Rhd1 b5 26. b3 Rd5 27. g4 b4 28. Re1 Bf6 29. Re4 Rfd8 30. f4 Kh7 31. Be1 Rb5 32. Bd2 Kg8 33. Be1 Kh7 1/2-1/2

[Event "EYCC Girls-U12 2019"]
[Site "Bratislava"]
[Date "2019.08.07"]
[Round "6.10"]
[White "Gadasi, Noam"]
[Black "Siekanska, Maria"]
[Result "1-0"]
[ECO "B81"]
[WhiteElo "1585"]
[BlackElo "1561"]
[Annotator "NA"]
[PlyCount "67"]
[EventDate "2019.08.02"]
[EventType "swiss"]
[EventCountry "SVK"]
[SourceTitle "playchess.com"]
[Source "ChessBase"]
[SourceQuality "1"]
[TimeControl "40/5400+30:1800+30"]

1. e4 c5 2. Nf3 e6 3. d4 cxd4 4. Nxd4 Nf6 5. Nc3 d6 6. g4 Nc6 7. g5 Nd7 8. Be3 Be7 9. h4 O-O 10. Qh5 a6 11. O-O-O Nxd4 12. Bxd4 b5 13. f4 b4 14. Bxg7 Kxg7 15. e5 Nc5 16. Na4 Ne4 17. Qh6+ Kh8 18. Bd3 Bb7 19. Rhe1 Rg8 20. Bxe4 Bxe4 21. Rxe4 Rc8 22. b3 Rc6 23. Red4 Qc8 24. R1d2 dxe5 25. fxe5 Qc7 26. Re4 Rd8 27. Ree2 Rc8 28. Qh5 Bc5 29. Nxc5 Rxc5 30. Qf3 Qa5 31. Qxf7 R5c7 32. Qf6+ Rg7 33. Rd7 Rcg8 34. Kb1 1-0

[Event "EYCC Girls-U12 2019"]
[Site "Bratislava"]
[Date "2019.08.07"]
[Round "6.11"]
[White "Putar, Lara"]
[Black "Berezovsky, Fiorina"]
[Result "1-0"]
[ECO "A35"]
[WhiteElo "1608"]
[BlackElo "1591"]
[Annotator "NA"]
[PlyCount "79"]
[EventDate "2019.08.02"]
[EventType "swiss"]
[EventCountry "SVK"]
[SourceTitle "playchess.com"]
[Source "ChessBase"]
[SourceQuality "1"]
[TimeControl "40/5400+30:1800+30"]

1. c4 c5 2. Nc3 Nc6 3. Nf3 g6 4. e3 Bg7 5. d4 cxd4 6. exd4 d6 7. Be2 e6 8. O-O d5 9. cxd5 exd5 10. Re1 Nge7 11. Bg5 O-O 12. Bb5 f6 13. Bf4 Bg4 14. Be2 g5 15. Be3 Nf5 16. h3 Nxe3 17. fxe3 Be6 18. Nd2 f5 19. Nb3 b6 20. Bf3 Qd7 21. g4 fxg4 22. Bxg4 Rf6 23. Bxe6+ Qxe6 24. Qg4 Qf7 25. Rf1 Rf8 26. Rxf6 Bxf6 27. Rf1 Ne7 28. Qg2 Qe6 29. e4 dxe4 30. Nxe4 h6 31. h4 Qc6 32. hxg5 hxg5 33. d5 Bd4+ 34. Nxd4 Rxf1+ 35. Qxf1 Qg6 36. Nf6+ Kg7 37. Ne6+ Kf7 38. Nh7+ Ke8 39. Qf8+ Kd7 40. Qd8# 1-0

[Event "EYCC Girls-U12 2019"]
[Site "Bratislava"]
[Date "2019.08.07"]
[Round "6.12"]
[White "Tran, Alva Ling"]
[Black "Helliesen, Lykke-Merlot"]
[Result "1-0"]
[ECO "B25"]
[WhiteElo "1712"]
[BlackElo "1505"]
[Annotator "NA"]
[PlyCount "63"]
[EventDate "2019.08.02"]
[EventType "swiss"]
[EventCountry "SVK"]
[SourceTitle "playchess.com"]
[Source "ChessBase"]
[SourceQuality "1"]
[TimeControl "40/5400+30:1800+30"]

1. e4 c5 2. Nc3 d6 3. g3 Nc6 4. Bg2 g6 5. d3 Bg7 6. f4 e6 7. Nf3 Nge7 8. O-O O-O 9. Be3 b6 10. Qd2 Ba6 11. Rf2 d5 12. exd5 exd5 13. d4 Nf5 14. Ne2 Bxe2 15. Rxe2 Nxe3 16. Rxe3 Nxd4 17. Ne5 Rc8 18. Rd3 Qe8 19. Re1 Qa4 20. c3 Nf5 21. Bxd5 c4 22. b3 cxb3 23. axb3 Qb5 24. c4 Qc5+ 25. Kg2 Ne7 26. Nd7 Qc7 27. Nxf8 Kxf8 28. Bf3 Nf5 29. Rd7 Qb8 30. Rb7 Qd6 31. Bd5 Nd4 32. Rxf7+ 1-0

[Event "EYCC Girls-U12 2019"]
[Site "Bratislava"]
[Date "2019.08.07"]
[Round "6.13"]
[White "Dubovik, Maria"]
[Black "Mikheeva, Galina"]
[Result "1/2-1/2"]
[ECO "C61"]
[WhiteElo "1504"]
[BlackElo "1952"]
[Annotator "NA"]
[PlyCount "87"]
[EventDate "2019.08.02"]
[EventType "swiss"]
[EventCountry "SVK"]
[SourceTitle "playchess.com"]
[Source "ChessBase"]
[SourceQuality "1"]
[TimeControl "40/5400+30:1800+30"]

1. e4 e5 2. Nf3 Nc6 3. Bb5 Nd4 4. Nxd4 exd4 5. O-O Bc5 6. d3 c6 7. Bc4 d5 8. Bb3 h5 9. exd5 cxd5 10. Re1+ Ne7 11. Qf3 Kf8 12. Bg5 f6 13. Bxf6 gxf6 14. Qxf6+ Kg8 15. Re5 Bf5 16. Bxd5+ Kh7 17. Rxf5 Nxf5 18. Qxf5+ Kg7 19. Nd2 Bb4 20. Ne4 Qe7 21. Ng5 Rh6 22. Ne6+ Kh8 23. Qe5+ Qf6 24. Qxf6+ Rxf6 25. Nxd4 Rd8 26. c4 Bc5 27. Nf3 a5 28. d4 Ba7 29. Ng5 Rb8 30. Ne6 Re8 31. Rd1 Rexe6 32. Bxe6 Rxe6 33. Kf1 Kg7 34. c5 Kf6 35. d5 Re7 36. Rc1 Rc7 37. c6 bxc6 38. dxc6 Ke5 39. Rc4 Kd6 40. Ke2 Re7+ 41. Kf1 Rc7 42. Ke2 Re7+ 43. Kf1 Rc7 44. Ke2 1/2-1/2

[Event "EYCC Girls-U12 2019"]
[Site "Bratislava"]
[Date "2019.08.07"]
[Round "6.14"]
[White "Gasimova, Samra"]
[Black "Arora, Tashika"]
[Result "1-0"]
[ECO "D91"]
[WhiteElo "1695"]
[BlackElo "1447"]
[Annotator "NA"]
[PlyCount "147"]
[EventDate "2019.08.02"]
[EventType "swiss"]
[EventCountry "SVK"]
[SourceTitle "playchess.com"]
[Source "ChessBase"]
[SourceQuality "1"]
[TimeControl "40/5400+30:1800+30"]

1. d4 Nf6 2. Nf3 g6 3. c4 Bg7 4. Nc3 d5 5. Bg5 Ne4 6. Bh4 Nxc3 7. bxc3 c5 8. cxd5 Qxd5 9. e3 cxd4 10. cxd4 Nc6 11. Be2 O-O 12. O-O Bf5 13. Nd2 e5 14. Bf3 e4 15. Be2 Rac8 16. g4 Be6 17. f3 exf3 18. Bxf3 Qd7 19. Ne4 b6 20. Nf6+ Bxf6 21. Bxf6 Bc4 22. Re1 Qd6 23. g5 h6 24. Bg4 Rce8 25. Qf3 hxg5 26. Rf1 Bxf1 27. Rxf1 Qa3 28. Qxc6 Qxe3+ 29. Kh1 Qd3 30. Qg2 Qe3 31. Bf3 g4 32. Qxg4 Qh6 33. d5 Kh7 34. d6 Re6 35. Bg5 Qg7 36. Qh4+ Kg8 37. d7 f6 38. Bd5 Qxd7 39. Qe4 Kg7 40. Bxe6 Qe7 41. Bd2 Re8 42. Re1 Qd6 43. Bc3 Qe7 44. Bd5 Qxe4+ 45. Rxe4 Rxe4 46. Bxe4 Kf7 47. Bd5+ Ke7 48. Bb4+ Kd7 49. Bf7 g5 50. Kg2 a5 51. Bc3 Ke7 52. Bc4 f5 53. a4 Kd6 54. Bd4 Kc6 55. Bb5+ Kc7 56. Kf3 Kb7 57. Bf6 g4+ 58. Kf4 Kc7 59. Be5+ Kb7 60. Kxf5 Kc8 61. Kxg4 Kd8 62. Bd4 Kc7 63. h4 Kd6 64. h5 Kd5 65. Bxb6 Ke6 66. Kg5 Ke5 67. h6 Ke4 68. h7 Kd5 69. h8=Q Ke4 70. Bc6+ Kd3 71. Qd4+ Kc2 72. Be4+ Kc1 73. Qc3+ Kd1 74. Bf3# 1-0

[Event "EYCC Girls-U12 2019"]
[Site "Bratislava"]
[Date "2019.08.07"]
[Round "6.15"]
[White "Sala, Giulia"]
[Black "Khegai, Darya"]
[Result "1/2-1/2"]
[ECO "B13"]
[WhiteElo "1623"]
[BlackElo "1402"]
[Annotator "NA"]
[PlyCount "104"]
[EventDate "2019.08.02"]
[EventType "swiss"]
[EventCountry "SVK"]
[SourceTitle "playchess.com"]
[Source "ChessBase"]
[SourceQuality "1"]
[TimeControl "40/5400+30:1800+30"]

1. e4 c6 2. d4 d5 3. exd5 cxd5 4. Bd3 Nc6 5. c3 g6 6. Bf4 Bg7 7. Nf3 Nh6 8. O-O f6 9. Re1 O-O 10. Nbd2 Nf7 11. Bg3 e5 12. dxe5 fxe5 13. Bb5 e4 14. Bxc6 exf3 15. Ba4 fxg2 16. Nf3 Bd7 17. Kxg2 Kh8 18. Bxd7 Qxd7 19. Ne5 Nxe5 20. Bxe5 Bxe5 21. Rxe5 Rf5 22. Qd4 Rxe5 23. Qxe5+ Kg8 24. Re1 Qg4+ 25. Qg3 Qd7 26. Qe3 Qg4+ 27. Kh1 Rf8 28. h3 Qf5 29. Kg2 Rf7 30. Qe8+ Kg7 31. Qe5+ Qxe5 32. Rxe5 Rd7 33. Kf3 Kf6 34. Re8 d4 35. cxd4 Rxd4 36. Ke3 Rh4 37. Rf8+ Ke6 38. Rf3 Ra4 39. a3 Rh4 40. Rg3 Rc4 41. Kd3 Rf4 42. Ke3 Rh4 43. Rf3 b5 44. b3 a5 45. Rg3 a4 46. bxa4 Rxa4 47. Kd2 Rf4 48. Ke3 Rc4 49. Kd3 Rf4 50. Ke3 Kf5 51. Ke2 Ra4 52. Rf3+ Ke6 1/2-1/2

[Event "EYCC Girls-U12 2019"]
[Site "Bratislava"]
[Date "2019.08.07"]
[Round "6.16"]
[White "Orian, Noga"]
[Black "Paraschiv, Petronela-Alexandra"]
[Result "1/2-1/2"]
[ECO "A40"]
[WhiteElo "1628"]
[BlackElo "1810"]
[Annotator "NA"]
[PlyCount "62"]
[EventDate "2019.08.02"]
[EventType "swiss"]
[EventCountry "SVK"]
[SourceTitle "playchess.com"]
[Source "ChessBase"]
[SourceQuality "1"]
[TimeControl "40/5400+30:1800+30"]

1. d4 e6 2. Nf3 Nf6 3. Bf4 b6 4. e3 Bb7 5. h3 Be7 6. Bd3 d6 7. O-O Nbd7 8. Nbd2 O-O 9. Bh2 c5 10. c3 h6 11. Nc4 Qc7 12. Qe2 Rfd8 13. Rfd1 Nf8 14. Rac1 Qc6 15. dxc5 Qxc5 16. Nd4 a6 17. b4 Qc7 18. a4 e5 19. Nf5 Ng6 20. e4 Ne8 21. Qe3 b5 22. axb5 axb5 23. Nb6 Ra6 24. Nd5 Bxd5 25. exd5 Bg5 26. f4 exf4 27. Qf3 Rb6 28. h4 Nxh4 29. Nxh4 Bxh4 30. Bxf4 Bf6 31. Qe4 Be5 1/2-1/2

[Event "EYCC Girls-U12 2019"]
[Site "Bratislava"]
[Date "2019.08.07"]
[Round "6.17"]
[White "Tsirekidze, Barbare"]
[Black "Muradyan, Anahit"]
[Result "1-0"]
[ECO "A56"]
[WhiteElo "1527"]
[BlackElo "1353"]
[Annotator "NA"]
[PlyCount "134"]
[EventDate "2019.08.02"]
[EventType "swiss"]
[EventCountry "SVK"]
[SourceTitle "playchess.com"]
[Source "ChessBase"]
[SourceQuality "1"]
[TimeControl "40/5400+30:1800+30"]

1. d4 Nf6 2. c4 c5 3. Nf3 cxd4 4. Nxd4 d6 5. g3 e6 6. Bg2 a6 7. Nc3 Qc7 8. Qb3 Be7 9. O-O O-O 10. Bd2 Nc6 11. Nxc6 bxc6 12. e4 Rb8 13. Qc2 e5 14. Kh1 Be6 15. Na4 Nd7 16. f4 exf4 17. Bxf4 c5 18. Rfe1 Nb6 19. Nxb6 Qxb6 20. Rab1 Qb4 21. b3 Qb6 22. e5 Rfd8 23. Rbd1 dxe5 24. Bxe5 Rxd1 25. Rxd1 Rd8 26. h3 Rxd1+ 27. Qxd1 Qd8 28. Qxd8+ Bxd8 29. Bd6 Bb6 30. Kg1 Bf5 31. Kf1 Bb1 32. a3 Ba2 33. Bd5 Bxb3 34. Ke2 Ba4 35. Ke3 Bd7 36. h4 g6 37. Ke4 Kg7 38. Bb7 a5 39. Ke5 Be6 40. Bd5 Bf5 41. Bb7 Be6 42. Ba6 h5 43. Bb5 Bg4 44. Bb8 Bd8 45. Kd6 Bf6 46. Kxc5 Bb2 47. a4 Kf6 48. Bc6 Be6 49. Kb5 Bc3 50. c5 Ke7 51. Bc7 Be1 52. Kb6 f6 53. Bd6+ Kd8 54. Bb5 g5 55. hxg5 fxg5 56. Bf1 h4 57. gxh4 gxh4 58. c6 Bc8 59. c7+ Ke8 60. Ka7 Kf7 61. Kb8 Bd7 62. c8=Q Bxc8 63. Kxc8 Ke6 64. Kc7 Kd5 65. Be7 Kd4 66. Kc6 Kc3 67. Kb5 Kb3 1-0

[Event "EYCC Girls-U12 2019"]
[Site "Bratislava"]
[Date "2019.08.07"]
[Round "6.18"]
[White "Chicarosie, Ioana-Bianca"]
[Black "Koniadze, Lizi"]
[Result "1-0"]
[ECO "A46"]
[WhiteElo "1580"]
[BlackElo "1283"]
[Annotator "NA"]
[PlyCount "205"]
[EventDate "2019.08.02"]
[EventType "swiss"]
[EventCountry "SVK"]
[SourceTitle "playchess.com"]
[Source "ChessBase"]
[SourceQuality "1"]
[TimeControl "40/5400+30:1800+30"]

1. d4 Nf6 2. Nf3 e6 3. e3 b6 4. Bd3 Bb7 5. Nbd2 c5 6. c3 Be7 7. O-O Nc6 8. Qe2 O-O 9. e4 cxd4 10. cxd4 Nb4 11. a3 Nxd3 12. Qxd3 Qc8 13. b4 Qc7 14. Bb2 Rac8 15. Rac1 Qb8 16. Qe2 Rc7 17. Rxc7 Qxc7 18. Rc1 Qb8 19. Ne5 d6 20. Nd3 Rc8 21. f3 Ba6 22. Qe3 Rc7 23. Rxc7 Qxc7 24. Ne1 Ne8 25. g3 Qc6 26. Qb3 Bb5 27. Nd3 Nc7 28. Nc1 Bg5 29. f4 Bf6 30. Qc3 Qxc3 31. Bxc3 Bc6 32. Bb2 Nb5 33. Ncb3 d5 34. e5 Be7 35. a4 Nc7 36. b5 Bd7 37. Bc3 Kf8 38. Nc1 a5 39. Ndb3 h5 40. Nd3 Na8 41. Ne1 Bd8 42. Nc2 g6 43. Bb2 Be7 44. Ba3 Bxa3 45. Nxa3 Ke7 46. Nd2 Nc7 47. Nf3 Ne8 48. h3 Ng7 49. g4 hxg4 50. hxg4 Ne8 51. Kg2 Kf8 52. Kg3 Kg7 53. Kh4 Nc7 54. Kg5 Ne8 55. Nc2 f6+ 56. Kh4 Bc8 57. Na3 Bd7 58. Nb1 Bc8 59. Nc3 Bd7 60. Nd1 Bc8 61. Nb2 Bd7 62. Nd3 Bc8 63. Nde1 Bd7 64. Nd2 Bc8 65. Nef3 f5 66. gxf5 gxf5 67. Kg5 Bd7 68. Nh2 Bc8 69. Nhf1 Bd7 70. Ng3 Bc8 71. Nb3 Bd7 72. Nc1 Bc8 73. Nd3 Kf7 74. Nh5 Ke7 75. Kg6 Nc7 76. Nf6 Na8 77. Kg7 Nc7 78. Nc1 Na8 79. Ne2 Nc7 80. Ng3 Na8 81. Ng8+ Ke8 82. Kf6 Kf8 83. Ne7 Bd7 84. Ng6+ Ke8 85. Nh8 Kf8 86. Nf7 Nc7 87. Nd6 Na8 88. Nf1 Nc7 89. Nd2 Na8 90. Nf3 Nc7 91. Nh4 Ne8+ 92. Nxe8 Kxe8 93. Nf3 Bc8 94. Ng5 Bd7 95. Nxe6 Bxe6 96. Kxe6 Kd8 97. Kxd5 Kd7 98. e6+ Ke7 99. Ke5 Kd8 100. d5 Ke8 101. d6 Kd8 102. Kf6 Ke8 103. e7 1-0

[Event "EYCC Girls-U12 2019"]
[Site "Bratislava"]
[Date "2019.08.07"]
[Round "6.19"]
[White "Maria, Lia-Alexandra"]
[Black "Badaan, Rima"]
[Result "1-0"]
[ECO "C65"]
[WhiteElo "1572"]
[BlackElo "1269"]
[Annotator "NA"]
[PlyCount "145"]
[EventDate "2019.08.02"]
[EventType "swiss"]
[EventCountry "SVK"]
[SourceTitle "playchess.com"]
[Source "ChessBase"]
[SourceQuality "1"]
[TimeControl "40/5400+30:1800+30"]

1. e4 e5 2. Nf3 Nc6 3. Bb5 Nf6 4. d3 Bd6 5. O-O a6 6. Ba4 b5 7. Bb3 Bc5 8. Nc3 O-O 9. Nd5 h6 10. c3 d6 11. h3 Be6 12. d4 exd4 13. cxd4 Ba7 14. Nxf6+ Qxf6 15. d5 Bxh3 16. gxh3 Ne5 17. Nxe5 Qxe5 18. Qg4 Qf6 19. Qg3 Rfe8 20. Bc2 Bd4 21. Rb1 Re5 22. Kh1 Rh5 23. Bd1 Re5 24. Bf3 Rae8 25. Bf4 R5e7 26. Rg1 Bxf2 27. Qxf2 Qxf4 28. Rg4 Qf6 29. Rbg1 g6 30. Qg2 Kh7 31. Rc1 Rc8 32. Rc6 Ra8 33. Qe2 h5 34. Rg1 Ra7 35. Qg2 Ra8 36. Rgc1 Ra7 37. R1c3 Rd7 38. Qf2 Ra8 39. Rxc7 Rxc7 40. Rxc7 Re8 41. Qg2 Qf4 42. Rc6 Ra8 43. Qe2 Qg3 44. Bg2 Qe5 45. Qf2 Kg7 46. Rc7 Rf8 47. Ra7 a5 48. Rxa5 Rc8 49. Qd2 Rc5 50. Ra3 b4 51. Rb3 Ra5 52. a3 Ra7 53. Rxb4 Rc7 54. Rb3 Kh7 55. Rc3 Rb7 56. Qc2 Qf6 57. Qd2 Qe5 58. Qf2 Kg7 59. a4 Qe8 60. Qd4+ Kh6 61. Rc6 Rd7 62. b4 Kh7 63. b5 Rb7 64. Rxd6 Rc7 65. Rc6 Rc8 66. a5 Ra8 67. a6 Qd8 68. Qf6 Qf8 69. d6 Qe8 70. h4 Ra7 71. Rc7 Ra8 72. Rxf7+ Kh6 73. Qg5# 1-0

[Event "EYCC Girls-U12 2019"]
[Site "Bratislava"]
[Date "2019.08.07"]
[Round "6.20"]
[White "Selvik, Elma"]
[Black "Suarez Gomez, Paula"]
[Result "0-1"]
[ECO "C01"]
[WhiteElo "1496"]
[BlackElo "1438"]
[Annotator "NA"]
[PlyCount "106"]
[EventDate "2019.08.02"]
[EventType "swiss"]
[EventCountry "SVK"]
[SourceTitle "playchess.com"]
[Source "ChessBase"]
[SourceQuality "1"]
[TimeControl "40/5400+30:1800+30"]

1. e4 e6 2. d4 d5 3. exd5 exd5 4. Bd3 Bd6 5. Qf3 Ne7 6. Ne2 Nbc6 7. c3 Be6 8. Bf4 Ng6 9. Bxd6 Qxd6 10. O-O O-O-O 11. Nd2 Nge7 12. Qf4 h6 13. Qxd6 Rxd6 14. Nf4 Bf5 15. Be2 g5 16. Nh5 Ng8 17. Ng3 Bh7 18. Bh5 f5 19. Rfe1 f4 20. Re8+ Rd8 21. Bg4+ Kb8 22. Rxd8+ Nxd8 23. Ngf1 Nf6 24. h3 Nxg4 25. hxg4 Re8 26. Nh2 Re2 27. Nhf3 Be4 28. Rd1 Nf7 29. Kf1 Bd3 30. Kg1 Kc8 31. Re1 Kd7 32. Rxe2 Bxe2 33. Nb3 b6 34. Kh2 Bxf3 35. gxf3 Nd6 36. Kg2 Nc4 37. Nc1 Nxb2 38. Ne2 Kc6 39. Kf1 Kb5 40. Ke1 Kc4 41. Kd2 Nd3 42. Kc2 Ne1+ 43. Kd2 Nxf3+ 44. Kc2 Nh2 45. Ng1 Nxg4 46. Nh3 Nf6 47. Kd2 Ne4+ 48. Kc2 Nxc3 49. Kb2 Kxd4 50. a3 Nb5 51. Kb3 c5 52. Ka4 Kc4 53. Ng1 Nc3# 0-1

[Event "EYCC Girls-U12 2019"]
[Site "Bratislava"]
[Date "2019.08.07"]
[Round "6.21"]
[White "Lomakina, Anzhelika"]
[Black "Mikhailina, Olga"]
[Result "0-1"]
[ECO "B33"]
[WhiteElo "1752"]
[BlackElo "1410"]
[Annotator "NA"]
[PlyCount "112"]
[EventDate "2019.08.02"]
[EventType "swiss"]
[EventCountry "SVK"]
[SourceTitle "playchess.com"]
[Source "ChessBase"]
[SourceQuality "1"]
[TimeControl "40/5400+30:1800+30"]

1. e4 c5 2. Nf3 Nc6 3. d4 cxd4 4. Nxd4 Nf6 5. Nc3 e6 6. Ndb5 Bb4 7. a3 Bxc3+ 8. Nxc3 d5 9. exd5 exd5 10. Bd3 O-O 11. O-O h6 12. h3 d4 13. Ne2 a6 14. b4 b5 15. Bb2 Kh8 16. a4 Bb7 17. axb5 axb5 18. Bxb5 Nxb4 19. Nxd4 Qd5 20. f3 Nc6 21. c4 Qc5 22. Kh1 Rxa1 23. Qxa1 Ra8 24. Qd1 Rd8 25. Bxc6 Bxc6 26. Qd3 Nh5 27. Re1 Nf4 28. Qf5 Qxf5 29. Nxf5 Ne6 30. Nxh6 Be8 31. Nf5 Kh7 32. Kg1 Ba4 33. Rc1 Nf4 34. Kf1 Nd3 35. Ke2 Nxc1+ 36. Bxc1 Bb3 37. c5 Rd5 38. g4 Rxc5 39. Be3 Rc2+ 40. Kd3 Rh2 41. Nd4 Bd5 42. Bf4 Rxh3 43. Ke3 Rh1 44. Bg3 Rb1 45. Kf4 Kg6 46. Bf2 Rb4 47. Be3 f6 48. Bf2 Ra4 49. Be3 Kf7 50. Kg3 Be6 51. Bf2 g5 52. Be3 Bd7 53. f4 Ra3 54. Kf2 gxf4 55. Bxf4 Bxg4 56. Nb5 Rf3+ 0-1

[Event "EYCC Girls-U12 2019"]
[Site "Bratislava"]
[Date "2019.08.07"]
[Round "6.22"]
[White "Putinceva, Marina"]
[Black "Kapicakova, Lucia"]
[Result "1-0"]
[ECO "B10"]
[WhiteElo "1476"]
[BlackElo "1671"]
[Annotator "NA"]
[PlyCount "115"]
[EventDate "2019.08.02"]
[EventType "swiss"]
[EventCountry "SVK"]
[SourceTitle "playchess.com"]
[Source "ChessBase"]
[SourceQuality "1"]
[TimeControl "40/5400+30:1800+30"]

1. e4 c6 2. Nf3 d5 3. exd5 cxd5 4. Ne5 Nc6 5. d4 Nf6 6. Bb5 Bd7 7. Nxd7 Qxd7 8. c3 a6 9. Bd3 e6 10. Nd2 Bd6 11. O-O O-O 12. Re1 b5 13. a3 Qc7 14. Nf3 Rab8 15. Qe2 Na5 16. Bg5 Nd7 17. Bh4 h6 18. Bg3 Bxg3 19. hxg3 Nc4 20. g4 Qf4 21. Ne5 Ndxe5 22. dxe5 Qd2 23. Bxc4 Qg5 24. Bd3 Rfd8 25. Rad1 Rd7 26. f3 g6 27. Qe3 Qh4 28. Qf2 Qg5 29. Qc5 Kg7 30. Qe3 Qh4 31. Qf2 Qg5 32. g3 Rh8 33. Qe3 Qd8 34. Kg2 d4 35. cxd4 Rxd4 36. Be2 Rxd1 37. Rxd1 Qc7 38. Rc1 Qd7 39. Qd3 Qb7 40. Qd6 Rc8 41. Rxc8 Qxc8 42. Qd2 Qc7 43. Qc3 Qb6 44. Bd1 a5 45. b4 axb4 46. axb4 Qd8 47. Be2 Qd5 48. Qc5 Qd2 49. Qxb5 h5 50. gxh5 gxh5 51. Qc4 f6 52. exf6+ Kf7 53. Kf2 Qb2 54. Qh4 Kg6 55. f7 Kxf7 56. Qxh5+ Ke7 57. Qc5+ Kf7 58. b5 1-0

[Event "EYCC Girls-U12 2019"]
[Site "Bratislava"]
[Date "2019.08.07"]
[Round "6.23"]
[White "Salajan, Stefania"]
[Black "Kalenichenko, Alina"]
[Result "1-0"]
[ECO "A45"]
[WhiteElo "1482"]
[BlackElo "1549"]
[Annotator "NA"]
[PlyCount "39"]
[EventDate "2019.08.02"]
[EventType "swiss"]
[EventCountry "SVK"]
[SourceTitle "playchess.com"]
[Source "ChessBase"]
[SourceQuality "1"]
[TimeControl "40/5400+30:1800+30"]

1. d4 Nf6 2. Bf4 g6 3. Nc3 d5 4. e3 Bg7 5. h4 O-O 6. h5 gxh5 7. Bd3 c5 8. Nf3 Bg4 9. Be2 Ne4 10. Nxe4 dxe4 11. Ne5 cxd4 12. exd4 Nc6 13. Nxc6 bxc6 14. Bxg4 hxg4 15. Qxg4 Qxd4 16. Qh5 Rfd8 17. c3 Qd5 18. Qxh7+ Kf8 19. Bh6 Qe5 20. Qh8# 1-0

[Event "EYCC Girls-U12 2019"]
[Site "Bratislava"]
[Date "2019.08.07"]
[Round "6.24"]
[White "Smirnova, Jekaterina"]
[Black "Korovina, Yana"]
[Result "0-1"]
[ECO "C47"]
[WhiteElo "1372"]
[BlackElo "1602"]
[Annotator "NA"]
[PlyCount "68"]
[EventDate "2019.08.02"]
[EventType "swiss"]
[EventCountry "SVK"]
[SourceTitle "playchess.com"]
[Source "ChessBase"]
[SourceQuality "1"]
[TimeControl "40/5400+30:1800+30"]

1. e4 e5 2. Nf3 Nf6 3. Nc3 Nc6 4. Bc4 Nxe4 5. Bxf7+ Kxf7 6. Nxe4 d5 7. Neg5+ Kg8 8. d3 h6 9. Nh3 Bc5 10. c3 Bg4 11. Be3 Bb6 12. Nhg1 Bxe3 13. fxe3 e4 14. dxe4 dxe4 15. Qb3+ Kh7 16. Qc2 Qe7 17. Ne2 Rhf8 18. Rf1 Kh8 19. Nf4 Rxf4 20. exf4 exf3+ 21. Kf2 Qc5+ 22. Kg3 Qh5 23. Qf2 Ne7 24. h3 Nf5+ 25. Kh2 fxg2 26. Qxg2 Ne3 27. Qg3 Nxf1+ 28. Rxf1 Bf5 29. Rg1 Qf7 30. Qf3 c6 31. Qe3 Re8 32. Qd2 Qh5 33. Rg2 Qxh3+ 34. Kg1 Qe3+ 0-1

[Event "EYCC Girls-U12 2019"]
[Site "Bratislava"]
[Date "2019.08.08"]
[Round "7.1"]
[White "Karaivanova, Petya"]
[Black "Shvedova, Alexandra"]
[Result "1-0"]
[ECO "B90"]
[WhiteElo "1792"]
[BlackElo "1932"]
[Annotator "NA"]
[PlyCount "93"]
[EventDate "2019.08.02"]
[EventType "swiss"]
[EventCountry "SVK"]
[SourceTitle "playchess.com"]
[Source "ChessBase"]
[SourceQuality "1"]
[TimeControl "40/5400+30:1800+30"]

1. e4 c5 2. Nf3 d6 3. d4 cxd4 4. Nxd4 Nf6 5. Nc3 a6 6. Be3 e6 7. f3 b5 8. Qd2 Nbd7 9. g4 h6 10. a3 Bb7 11. O-O-O Rc8 12. h4 d5 13. exd5 Nxd5 14. Nxd5 Bxd5 15. Be2 Nc5 16. Kb1 Qc7 17. g5 Na4 18. gxh6 gxh6 19. Bf4 Qb6 20. Be5 Rg8 21. Rhg1 Rxg1 22. Rxg1 b4 23. Rg8 Nc3+ 24. Ka1 bxa3 25. b3 Nxe2 26. Nxe2 Kd7 27. Qf4 Qb4 28. Qxf7+ Be7 29. Rxc8 Kxc8 30. Qe8+ Bd8 31. Bf6 Qe1+ 32. Ka2 Qxe2 33. Qxd8+ Kb7 34. Qd7+ Kb8 35. Qd8+ Kb7 36. Qd7+ Kb8 37. Kxa3 Qe3 38. Qd6+ Kb7 39. Qd7+ Kb8 40. Qe8+ Ka7 41. Qd7+ Kb8 42. Qd6+ Kb7 43. Be5 Qc1+ 44. Kb4 Qd2+ 45. c3 a5+ 46. Kb5 Qd3+ 47. Kxa5 1-0

[Event "EYCC Girls-U12 2019"]
[Site "Bratislava"]
[Date "2019.08.08"]
[Round "7.2"]
[White "Manko, Mariya"]
[Black "Musabayeva, Diana"]
[Result "1/2-1/2"]
[ECO "A39"]
[WhiteElo "1807"]
[BlackElo "1679"]
[Annotator "NA"]
[PlyCount "52"]
[EventDate "2019.08.02"]
[EventType "swiss"]
[EventCountry "SVK"]
[SourceTitle "playchess.com"]
[Source "ChessBase"]
[SourceQuality "1"]
[TimeControl "40/5400+30:1800+30"]

1. Nf3 Nf6 2. c4 c5 3. g3 g6 4. Bg2 Bg7 5. Nc3 Nc6 6. O-O O-O 7. d4 cxd4 8. Nxd4 Nxd4 9. Qxd4 d6 10. Qd3 Rb8 11. Bd2 Be6 12. Rac1 Qd7 13. Rfd1 Rfc8 14. b3 a6 15. e4 b5 16. cxb5 axb5 17. Bf1 b4 18. Nd5 Nxd5 19. exd5 Bf5 20. Rxc8+ Rxc8 21. Qa6 Bc3 22. Bb5 Qc7 23. Rc1 Qb8 24. Bxc3 Rxc3 25. Re1 Kf8 26. Bc6 Bd3 1/2-1/2

[Event "EYCC Girls-U12 2019"]
[Site "Bratislava"]
[Date "2019.08.08"]
[Round "7.3"]
[White "Zhapova, Yana"]
[Black "Karmanova, Olga Dm."]
[Result "1-0"]
[ECO "B10"]
[WhiteElo "1809"]
[BlackElo "1838"]
[Annotator "NA"]
[PlyCount "81"]
[EventDate "2019.08.02"]
[EventType "swiss"]
[EventCountry "SVK"]
[SourceTitle "playchess.com"]
[Source "ChessBase"]
[SourceQuality "1"]
[TimeControl "40/5400+30:1800+30"]

1. e4 c6 2. Nc3 d5 3. Nf3 Nf6 4. e5 Ne4 5. Nxe4 dxe4 6. Ng5 Qd5 7. Qe2 Qxe5 8. Nxe4 Bf5 9. d3 e6 10. g3 Nd7 11. Bg2 Be7 12. O-O O-O 13. Bf4 Qa5 14. Nd6 Bxd6 15. Bxd6 Rfe8 16. Rfe1 Rad8 17. a4 c5 18. Bf4 e5 19. Bd2 Qc7 20. Bc3 b6 21. Qf3 Be6 22. h4 f6 23. g4 Nf8 24. g5 Qf7 25. Qg3 Kh8 26. gxf6 gxf6 27. Rxe5 Nd7 28. Rg5 Rg8 29. Qf4 Rg7 30. Rg3 Rdg8 31. Re1 Rg4 32. Qd6 Nf8 33. Ree3 Rxa4 34. Ref3 Nd7 35. Re3 Nf8 36. Be4 Ra1+ 37. Kh2 Rg7 38. Ref3 Nd7 39. Bc6 Rg6 40. Bxd7 Qxd7 41. Qf8+ 1-0

[Event "EYCC Girls-U12 2019"]
[Site "Bratislava"]
[Date "2019.08.08"]
[Round "7.4"]
[White "Van, Foreest Machteld"]
[Black "Huang, Wendy"]
[Result "0-1"]
[ECO "B90"]
[WhiteElo "2186"]
[BlackElo "1784"]
[Annotator "NA"]
[PlyCount "84"]
[EventDate "2019.08.02"]
[EventType "swiss"]
[EventCountry "SVK"]
[SourceTitle "playchess.com"]
[Source "ChessBase"]
[SourceQuality "1"]
[TimeControl "40/5400+30:1800+30"]

1. e4 c5 2. Nf3 d6 3. d4 cxd4 4. Nxd4 Nf6 5. Nc3 a6 6. f3 e5 7. Nb3 Be6 8. Be3 Be7 9. Qd2 Nbd7 10. O-O-O O-O 11. Kb1 b5 12. g4 b4 13. Na4 a5 14. Qf2 Qc7 15. g5 Nh5 16. Bb5 Rab8 17. Bxd7 Qxd7 18. Nb6 Qb5 19. Nd5 Bd8 20. Qh4 g6 21. Nf6+ Bxf6 22. gxf6 a4 23. Nc1 Qc4 24. b3 Qc6 25. Rd2 Rfc8 26. Rg1 Kh8 27. Bh6 axb3 28. cxb3 Rg8 29. Rc2 Qb6 30. Rgg2 Rbc8 31. f4 exf4 32. Bxf4 d5 33. Bh6 dxe4 34. Qg5 Bf5 35. Qe3 Qxf6 36. Bg5 Qg7 37. Rxc8 Rxc8 38. Ne2 f6 39. Bf4 Qd7 40. Kb2 Qd3 41. Nc1 Qc3+ 42. Kb1 Nxf4 0-1